[Event "ICC tourney 2556 (25 5)"]
[Site "Internet Chess Club"]
[Date "2021.05.09"]
[Round "7"]
[White "ZHUANG, KYLE:K05-16368295"]
[Black "SUAREZ, SEBASTIAN:K05-16875347"]
[Result "1-0"]
[ICCResult "Black checkmated"]
[WhiteElo "1637"]
[BlackElo "1414"]
[Opening "Scandinavian (center counter) defense"]
[ECO "B01"]
[NIC "SD.02"]
[Time "15:31:02"]
[PlyCount "133"]
[TimeControl "1500+5"]

1. e4 d5 2. exd5 Qxd5 3. Nc3 Qd8 4. d4 Nf6 5. Nf3 Bf5 6. Bc4 e6 7. O-O Be7
8. Bf4 O-O 9. Re1 c6 10. Rb1 Nbd7 11. b4 Nb6 12. Bf1 Nbd5 13. Nxd5 Nxd5 14.
Bd2 b5 15. Ne5 Qc7 16. Rb3 Rfd8 17. c4 bxc4 18. Bxc4 Bd6 19. h4 h6 20. b5
cxb5 21. Bxd5 exd5 22. Rxb5 Be6 23. Qb3 Rab8 24. Ba5 Qxa5 25. Rxa5 Rxb3 26.
axb3 Bb4 27. Rea1 Bxa5 28. Rxa5 Rb8 29. Ra3 Rb7 30. Nd3 Bf5 31. Nc5 Rb4 32.
Ra4 Rxa4 33. bxa4 Kf8 34. Kf1 Ke7 35. Ke2 Kd6 36. Kd2 Kc6 37. Kc3 g6 38.
Kb4 Bc8 39. Nd3 f6 40. Ka5 Bb7 41. Nf4 g5 42. hxg5 hxg5 43. Nd3 g4 44. Nb4+
Kd6 45. Na2 Kc6 46. Nc3 a6 47. Na2 Bc8 48. Nb4+ Kb7 49. Nxa6 Bf5 50. g3 Bd3
51. Nc5+ Ka7 52. Nxd3 f5 53. Nf4 Kb7 54. Nxd5 Ka7 55. Kb5 Kb7 56. a5 f4 57.
Nxf4 Ka7 58. d5 Kb8 59. Kb6 Kc8 60. a6 Kb8 61. d6 Kc8 62. a7 Kd7 63. a8=Q
Kxd6 64. Qd8+ Ke5 65. Qe7+ Kd4 66. Qd6+ Ke4 67. Qd5# { Black checkmated }
1-0

[Event "ICC tourney 2556 (25 5)"]
[Site "Internet Chess Club"]
[Date "2021.05.09"]
[Round "7"]
[White "ARAVINDAKSHAN, SAHANA:K05-16741147"]
[Black "SELVAM, SWAGATHA:K05-16203181"]
[Result "0-1"]
[ICCResult "White forfeits on time"]
[WhiteElo "1587"]
[BlackElo "1289"]
[Opening "King's Indian: Four pawns attack"]
[ECO "E76"]
[NIC "KI.31"]
[Time "15:30:35"]
[PlyCount "68"]
[TimeControl "1500+5"]

1. d4 Nf6 2. c4 g6 3. Nc3 Bg7 4. e4 d6 5. f4 O-O 6. Nf3 Bg4 7. Be2 e6 8.
O-O Nc6 9. Be3 Re8 10. h3 Bxf3 11. Bxf3 Qe7 12. Qd2 d5 13. cxd5 exd5 14. e5
Ne4 15. Nxe4 dxe4 16. Bxe4 Rad8 17. f5 Nxe5 18. fxg6 hxg6 19. Bf4 Nc4 20.
Qc2 Bxd4+ 21. Kh1 Nxb2 22. Bxb7 Qb4 23. Qxc7 Bb6 24. Qc6 Re6 25. Qf3 Rd3
26. Qg4 Rd4 27. Qg5 Bd8 28. Qg3 Qxb7 29. Be5 Rd2 30. Bc3 Re3 31. Rf3 Bc7
32. Qg4 Rxf3 33. gxf3 Rh2+ 34. Kg1 Nd3 { White forfeits on time } 0-1

[Event "ICC tourney 2556 (25 5)"]
[Site "Internet Chess Club"]
[Date "2021.05.09"]
[Round "7"]
[White "RALLABANDI, SAHASRA:K05-16751997"]
[Black "WILLY, STEPHEN:K05-17088783"]
[Result "1-0"]
[ICCResult "Black resigns"]
[WhiteElo "1336"]
[BlackElo "1643"]
[Opening "Four knights: Italian variation"]
[ECO "C47"]
[NIC "RG.01"]
[Time "15:30:37"]
[PlyCount "165"]
[TimeControl "1500+5"]

1. e4 e5 2. Nf3 Nf6 3. Nc3 Nc6 4. Bc4 Nxe4 5. Bxf7+ Kxf7 6. Nxe4 d5 7.
Neg5+ Kg8 8. d4 h6 9. Nh3 e4 10. Ne5 Qf6 11. Nxc6 bxc6 12. Nf4 Bd6 13. Nh5
Qg6 14. Ng3 h5 15. Be3 h4 16. Ne2 Qxg2 17. Rg1 Qxh2 18. Qd2 Ba6 19. O-O-O
Rb8 20. Bh6 Rh7 21. Bxg7 Bg3 22. fxg3 Rxg7 23. gxh4 Rxg1 24. Rxg1+ Qxg1+
25. Nxg1 Rf8 26. Qg5+ Kh7 27. Nh3 Rf1+ 28. Kd2 Rf3 29. Qe7+ Kg6 30. h5+ Kf5
31. Qg5+ Ke6 32. Nf4+ Kd7 33. Qf5+ Kd8 34. Qg5+ Kc8 35. Ng2 Rf2+ 36. Kc3
Rf3+ 37. Kb4 Bf1 38. h6 a5+ 39. Kxa5 Kb7 40. h7 Rh3 41. Qg7 Bxg2 42. Qxg2
Rxh7 43. Kb4 Rf7 44. a4 e3 45. Qe2 Rf2 46. Qxe3 Rxc2 47. Kb3 Rc4 48. Qd2
Ka6 49. Ka3 Kb6 50. b4 Ka6 51. Qb2 Kb6 52. b5 Ka5 53. Qd2+ Kb6 54. bxc6
Rxc6 55. Qb4+ Ka7 56. a5 Ka6 57. Qb3 Rc4 58. Qb8 Kxa5 59. Qa8+ Kb6 60. Qxd5
Rc6 61. Kb4 Rd6 62. Qb5+ Ka7 63. Ka5 Ka8 64. Qc5 Kb7 65. Qb5+ Ka7 66. Qc5+
Kb7 67. Qb5+ Ka7 68. d5 Rb6 69. Qd7 Kb7 70. Qf5 Rd6 71. Kb5 Rb6+ 72. Kc5
Rd6 73. Qf7 Rb6 74. Kd4 Rd6 75. Ke5 Rb6 76. Qd7 Rd6 77. Qxd6 cxd6+ 78. Kxd6
Ka7 79. Kc7 Ka6 80. d6 Ka7 81. d7 Ka6 82. d8=Q Ka5 83. Qb8 { Black resigns
} 1-0

[Event "ICC tourney 2556 (25 5)"]
[Site "Internet Chess Club"]
[Date "2021.05.09"]
[Round "7"]
[White "RAJARAM, ROHAN:K05-15739716"]
[Black "MORITANI, SHO:K05-16760848"]
[Result "1-0"]
[ICCResult "Black forfeits on time"]
[WhiteElo "1905"]
[BlackElo "1456"]
[Opening "QGD Slav defense: exchange variation"]
[ECO "D10"]
[NIC "SL.01"]
[Time "15:30:09"]
[PlyCount "65"]
[TimeControl "1500+5"]

1. d4 d5 2. c4 c6 3. cxd5 cxd5 4. Nc3 Nf6 5. Bf4 Nc6 6. e3 a6 7. Nf3 Bf5 8.
Ne5 e6 9. Be2 Be7 10. O-O O-O 11. Rc1 Rc8 12. Nd3 Nd7 13. Na4 b6 14. a3 Na5
15. Ne5 Nxe5 16. Bxe5 f6 17. Bg3 Nc4 18. b3 Nxa3 19. Bxa6 Rxc1 20. Qxc1 Qa8
21. Be2 Qb7 22. Qb2 Nc2 23. Rd1 Rc8 24. Bb5 Na3 25. Qe2 Rc2 26. Qf1 Nxb5
27. Qxb5 Rc6 28. Ra1 h6 29. b4 Kh7 30. Nc5 Qc8 31. Ra6 Bd8 32. f3 Bg6 33.
Qa4 { Black forfeits on time } 1-0

[Event "ICC tourney 2556 (25 5)"]
[Site "Internet Chess Club"]
[Date "2021.05.09"]
[Round "7"]
[White "WANG, ETHAN:K05-15914623"]
[Black "BUPESHNATH, ARJUN:K05-15891702"]
[Result "0-1"]
[ICCResult "White resigns"]
[WhiteElo "1409"]
[BlackElo "1035"]
[Opening "Ruy Lopez: classical defense, Charousek variation"]
[ECO "C64"]
[NIC "RL.01"]
[Time "15:30:34"]
[PlyCount "116"]
[TimeControl "1500+5"]

1. e4 e5 2. Nf3 Nc6 3. Bb5 Bc5 4. c3 Bb6 5. O-O Nf6 6. Bxc6 dxc6 7. Nxe5
O-O 8. Re1 Re8 9. d4 Qd6 10. Bf4 Qe6 11. Nd2 Bd7 12. Qf3 Rad8 13. Ndc4 c5
14. Rad1 cxd4 15. cxd4 Bb5 16. d5 Qe7 17. b3 Bxc4 18. bxc4 Qc5 19. Re2 c6
20. Rde1 Ba5 21. Rc1 Qd4 22. Nd3 Nxe4 23. Be3 Qxd3 24. h3 Nf6 25. Rec2 cxd5
26. cxd5 Nxd5 27. Qg4 Nxe3 28. fxe3 Qxe3+ 29. Kh2 Qe5+ 30. Kh1 g6 31. Rc5
Qe3 32. Qc4 Bb6 33. Rf1 Qe7 34. Rb5 Rc8 35. Qb3 Rc7 36. Rb4 Rec8 37. Rbf4
Be3 38. R4f3 Bb6 39. Qd5 Rd7 40. Qb3 Qe6 41. Qb2 Rcd8 42. Qa1 Rd2 43. a3 f5
44. Re1 Qxe1+ 45. Qxe1 Rd1 46. Rf1 Rxe1 47. Rxe1 Kf7 48. Kh2 Re8 49. Rd1
Re7 50. Kg3 Kf6 51. Kh2 Kg5 52. Rf1 Re3 53. Rh1 Bc7+ 54. g3 Re2+ 55. Kg1
Re1+ 56. Kg2 Rxh1 57. Kxh1 Bxg3 58. Kg2 Kh4 { White resigns } 0-1

[Event "ICC tourney 2556 (25 5)"]
[Site "Internet Chess Club"]
[Date "2021.05.09"]
[Round "7"]
[White "YOGESH MEHTA, ADITYA:K05-17108546"]
[Black "GHODAKE, SPARSH:K05-16884947"]
[Result "1-0"]
[ICCResult "Black checkmated"]
[WhiteElo "797"]
[BlackElo "1242"]
[Opening "French defense"]
[ECO "C00"]
[NIC "FR.01"]
[Time "15:30:36"]
[PlyCount "89"]
[TimeControl "1500+5"]

1. e4 e6 2. Nc3 d5 3. exd5 exd5 4. Be2 Nf6 5. Nf3 Nc6 6. O-O Be6 7. Bb5 Be7
8. Ne5 Bd7 9. Bxc6 Bxc6 10. Nxc6 bxc6 11. d3 O-O 12. Qf3 Kh8 13. Bg5 Rb8
14. b3 h6 15. Bf4 Qd7 16. Ne2 Rfe8 17. Ng3 Rbc8 18. c4 Bd6 19. Bxd6 cxd6
20. cxd5 Nxd5 21. Nh5 Rg8 22. Rac1 Ne7 23. Qxf7 Rcf8 24. Qc4 Rf5 25. Ng3
Rc5 26. Qe4 Re5 27. Qf3 c5 28. Rce1 Rg5 29. h4 Rg6 30. Qf7 Rf6 31. Qxe7 Qb5
32. Ne4 Rf4 33. Qxd6 Rxh4 34. Nxc5 Rc8 35. Ne4 Qh5 36. Ng3 Qg5 37. Qd7 Rd8
38. Re8+ Rxe8 39. Qxe8+ Kh7 40. Re1 Rd4 41. a4 Rb4 42. Qe6 Qh4 43. Qf5+ g6
44. Qf7+ Kh8 45. Re8# { Black checkmated } 1-0

[Event "ICC tourney 2556 (25 5)"]
[Site "Internet Chess Club"]
[Date "2021.05.09"]
[Round "7"]
[White "WESTOVER, CHARLOTTE:K05-16380250"]
[Black "HUANG WANG, WILLIAM:K05-16426896"]
[Result "1-0"]
[ICCResult "Black checkmated"]
[WhiteElo "1143"]
[BlackElo "1554"]
[Opening "Sicilian: accelerated fianchetto, modern variation with Bc4"]
[ECO "B35"]
[NIC "SI.33"]
[Time "15:30:44"]
[PlyCount "143"]
[TimeControl "1500+5"]

1. e4 c5 2. Nf3 g6 3. d4 cxd4 4. Nxd4 Nc6 5. Nc3 Bg7 6. Be3 Nf6 7. Bc4 O-O
8. O-O d6 9. Qd2 Ne5 10. Be2 Bd7 11. Bh6 Rc8 12. Bxg7 Kxg7 13. Nf3 Nc4 14.
Bxc4 Rxc4 15. Rfe1 Bg4 16. Qe3 Bxf3 17. Qxf3 a6 18. Rad1 Qc7 19. Qe3 b5 20.
a3 e5 21. Qd3 Rd4 22. Qe2 Rc8 23. Rc1 Qc4 24. Qxc4 Rcxc4 25. f3 Nd7 26.
Red1 Rxd1+ 27. Rxd1 Rc6 28. Rd2 Nb6 29. Na2 Nc4 30. Rd5 Nxb2 31. Nb4 Rb6
32. Rd2 Nc4 33. Rd3 a5 34. Nd5 Rc6 35. Ne7 Rc7 36. Nd5 Rc5 37. Rc3 Rc8 38.
Kf2 Nb6 39. Rxc8 Nxc8 40. c3 Kf8 41. Nc7 Na7 42. Ke3 Ke7 43. Kd3 h5 44. c4
Kd7 45. Nxb5 Nxb5 46. cxb5 Kc7 47. Kc4 Kb6 48. a4 Kc7 49. Kd5 Kb6 50. Kxd6
f6 51. Ke6 g5 52. Kxf6 g4 53. Kxe5 gxf3 54. gxf3 h4 55. Kf4 h3 56. Kg3 Kc5
57. Kxh3 Kb4 58. b6 Kxa4 59. b7 Ka3 60. b8=Q a4 61. e5 Ka2 62. e6 a3 63. e7
Ka1 64. e8=Q Ka2 65. Qe2+ Ka1 66. Qbe5+ Kb1 67. Q5e4+ Ka1 68. Qd4+ Kb1 69.
Qdd3+ Ka1 70. Qc3+ Kb1 71. Qcc2+ Ka1 72. Qa2# { Black checkmated } 1-0

[Event "ICC tourney 2556 (25 5)"]
[Site "Internet Chess Club"]
[Date "2021.05.09"]
[Round "7"]
[White "KISHOR MANE, ARNAV:K05-16881843"]
[Black "GUI, SUYUAN:K05-16962930"]
[Result "1-0"]
[ICCResult "Black checkmated"]
[WhiteElo "1316"]
[BlackElo "989"]
[Opening "Caro-Kann: classical variation"]
[ECO "B18"]
[NIC "CK.10"]
[Time "15:30:34"]
[PlyCount "125"]
[TimeControl "1500+5"]

1. e4 c6 2. d4 d5 3. Nc3 dxe4 4. Nxe4 Bf5 5. Ng3 Bg6 6. Nf3 Nd7 7. c4 e6 8.
a3 Ngf6 9. Be2 Be7 10. O-O O-O 11. Be3 Rc8 12. Rc1 Nb6 13. Ne5 c5 14. Nxg6
hxg6 15. h3 cxd4 16. Bxd4 Qc7 17. b4 Rfd8 18. Bxb6 Qxb6 19. Qa4 a6 20. c5
Qc6 21. Qxc6 Rxc6 22. Rfd1 Rdc8 23. Bf3 R6c7 24. Rc2 Nd5 25. Bxd5 exd5 26.
Rxd5 b6 27. Ne4 f5 28. Nd6 Bxd6 29. Rxd6 Rc6 30. Rcd2 bxc5 31. bxc5 Rxd6
32. cxd6 Rd8 33. d7 Kf7 34. Rd6 g5 35. Rxa6 Rxd7 36. Ra5 g6 37. a4 Kg7 38.
Ra8 Kh7 39. a5 Kg7 40. a6 Kf7 41. a7 Kg7 42. Rg8+ Kxg8 43. a8=Q+ Kg7 44.
Qa1+ Kf7 45. Qa2+ Kg7 46. Qb2+ Kf7 47. Qb3+ Kg7 48. Qc3+ Kf7 49. Qc4+ Kg7
50. Qc6 Rf7 51. Qe6 Rf6 52. Qe7+ Rf7 53. Qxg5 Rf6 54. h4 Rf7 55. h5 f4 56.
Qxg6+ Kf8 57. h6 f3 58. gxf3 Rxf3 59. h7 Ke7 60. h8=Q Rf7 61. Qe5+ Kf8 62.
Qh6+ Rg7+ 63. Qhxg7# { Black checkmated } 1-0

[Event "ICC tourney 2556 (25 5)"]
[Site "Internet Chess Club"]
[Date "2021.05.09"]
[Round "7"]
[White "SANGHANI, RITIKA:K05-16470815"]
[Black "PULIJALA, AKSHAJ:K05-16497860"]
[Result "0-1"]
[ICCResult "White checkmated"]
[WhiteElo "1039"]
[BlackElo "1455"]
[Opening "Sicilian defense"]
[ECO "B20"]
[NIC "SI.48"]
[Time "15:30:34"]
[PlyCount "174"]
[TimeControl "1500+5"]

1. e4 c5 2. Bc4 Nc6 3. Nf3 e6 4. Nc3 Be7 5. d3 h6 6. Bf4 a6 7. a4 d6 8. e5
dxe5 9. Nxe5 Nxe5 10. Bxe5 Nf6 11. O-O Bd6 12. Bxf6 Qxf6 13. Ne4 Qe7 14.
Nxd6+ Qxd6 15. Re1 O-O 16. Qf3 Bd7 17. Qxb7 Bc6 18. Qb3 Rfb8 19. Qc3 Rb4
20. b3 a5 21. Re3 Rd8 22. Rg3 Qd4 23. Qxd4 cxd4 24. Re1 Bd5 25. Bxd5 Rxd5
26. Re4 g6 27. h3 Rc5 28. Re2 Kg7 29. Kf1 e5 30. h4 f5 31. Rh3 Kf6 32. g3
Rb6 33. Rh2 Re6 34. f3 Rec6 35. Ke1 Rc7 36. f4 exf4 37. gxf4 g5 38. hxg5+
hxg5 39. Rh6+ Kg7 40. Rhh2 gxf4 41. Rhf2 Kf6 42. Rxf4 Rxc2 43. Rxd4 Rxe2+
44. Kxe2 Rc5 45. Ke3 Ke6 46. b4 axb4 47. Rxb4 Ra5 48. d4 Kf6 49. Kf4 Ke6
50. Ke3 Kf6 51. Kd3 Ke6 52. Kc3 Kd6 53. Kb3 f4 54. d5 Ke5 55. d6 Rd5 56. a5
Rxa5 57. d7 Ra8 58. Rc4 Rd8 59. Rc5+ Ke4 60. Rc4+ Kf3 61. Rc3+ Kg2 62. Rc2+
Kg3 63. Rc3+ f3 64. Rd3 Kg2 65. Kc4 f2 66. Rd1 f1=Q+ 67. Rxf1 Kxf1 68. Kd3
Rxd7+ 69. Ke4 Rf7 70. Kd4 Kf2 71. Ke5 Rd7 72. Ke4 Kg3 73. Ke5 Rf7 74. Kd5
Kf4 75. Kd4 Rd7+ 76. Kc5 Ke4 77. Kc6 Rd5 78. Kc7 Ke5 79. Kc6 Ke6 80. Kc7
Rd6 81. Kb7 Kd7 82. Kb8 Rc6 83. Kb7 Kd6 84. Kb8 Rc7 85. Ka8 Kc6 86. Kb8 Kb6
87. Ka8 Rc8# { White checkmated } 0-1

[Event "ICC tourney 2556 (25 5)"]
[Site "Internet Chess Club"]
[Date "2021.05.09"]
[Round "7"]
[White "RAU, AKAASH:K05-16538222"]
[Black "FRANCO PRASANNA, KEVIN:K05-15771571"]
[Result "0-1"]
[ICCResult "White checkmated"]
[WhiteElo "912"]
[BlackElo "1346"]
[Opening "Queen's pawn game"]
[ECO "D02"]
[NIC "QP.08"]
[Time "15:30:08"]
[PlyCount "100"]
[TimeControl "1500+5"]

1. d4 d5 2. Nf3 c6 3. Bf4 Bf5 4. e3 Nf6 5. c3 e6 6. Bd3 Bxd3 7. Qxd3 Bd6 8.
Bg3 Ne4 9. Nbd2 Nxd2 10. Nxd2 Bxg3 11. hxg3 h6 12. e4 dxe4 13. Nxe4 Nd7 14.
Qf3 Qe7 15. O-O O-O 16. Rfe1 b6 17. Nd2 c5 18. d5 e5 19. Qe2 Rfe8 20. c4 f6
21. Nf3 f5 22. Nh4 Qf6 23. Qh5 g5 24. Nf3 e4 25. Nd2 Ne5 26. f3 Nd3 27. Re3
Kg7 28. fxe4 Qd4 29. exf5 Qxe3+ 30. Kh2 Ne5 31. Nf3 Qe4 32. Re1 Qxf5 33.
Nxe5 Rxe5 34. Rd1 g4 35. Qxf5 Rxf5 36. Kg1 Kf6 37. b3 Re5 38. Rf1+ Rf5 39.
Re1 Rd8 40. Re6+ Kg5 41. Re7 a5 42. Rb7 Rf6 43. Rg7+ Kf5 44. Re7 Rdd6 45.
Kh2 h5 46. Kh1 h4 47. gxh4 g3 48. Re8 Kg4 49. Re4+ Kh5 50. Re8 Rf1# { White
checkmated } 0-1

[Event "ICC tourney 2556 (25 5)"]
[Site "Internet Chess Club"]
[Date "2021.05.09"]
[Round "7"]
[White "SHENVI PRIOLKAR, ANSH:K05-30065668"]
[Black "MURUGAN AYYAPPAN, ADHIRAIYAN:K05-16024678"]
[Result "1/2-1/2"]
[ICCResult "Game drawn by repetition"]
[WhiteElo "941"]
[BlackElo "1378"]
[Opening "Giuoco Piano"]
[ECO "C50"]
[NIC "IG.02"]
[Time "15:31:03"]
[PlyCount "142"]
[TimeControl "1500+5"]

1. e4 e5 2. Nf3 Nc6 3. Bc4 Bc5 4. O-O Nf6 5. Nc3 d6 6. h3 h6 7. d3 Be6 8.
Bb3 O-O 9. Nd5 Na5 10. Nxf6+ Qxf6 11. Bxe6 fxe6 12. c3 Nc6 13. Be3 Bb6 14.
a4 Bxe3 15. fxe3 Qg6 16. Qb3 Rab8 17. Rae1 Qe8 18. Nd2 Qe7 19. d4 exd4 20.
exd4 Rxf1+ 21. Rxf1 Kh8 22. Re1 b6 23. Qb5 Nd8 24. Nf3 Nf7 25. e5 d5 26.
Qd3 Ng5 27. Nxg5 Qxg5 28. Rf1 a5 29. Rf7 Rc8 30. Qb5 Qd8 31. Qd7 Qxd7 32.
Rxd7 c5 33. Rd6 cxd4 34. cxd4 Rc4 35. b3 Rxd4 36. Rxb6 Re4 37. Rxe6 Kg8 38.
Kf2 d4 39. Rd6 Kf8 40. Rd5 d3 41. Rxd3 Rxe5 42. Re3 Rc5 43. Kf3 Kf7 44. Re4
Kf6 45. Re8 Kf5 46. Re4 h5 47. g3 g5 48. g4+ hxg4+ 49. hxg4+ Kf6 50. Re3
Rd5 51. Re4 Rd3+ 52. Re3 Rxe3+ 53. Kxe3 Ke5 54. Kd3 Kd5 55. b4 axb4 56. a5
Kc5 57. a6 Kb6 58. a7 Kxa7 59. Kc4 Kb6 60. Kxb4 Kc6 61. Kc4 Kd6 62. Kd4 Ke6
63. Ke4 Kf6 64. Kf3 Ke5 65. Ke3 Kd5 66. Kd3 Ke5 67. Ke3 Kd5 68. Kd3 Ke5 69.
Ke3 Kd5 70. Kd3 Ke5 71. Ke3 Kd5 { Game drawn by repetition } 1/2-1/2

[Event "ICC tourney 2556 (25 5)"]
[Site "Internet Chess Club"]
[Date "2021.05.09"]
[Round "7"]
[White "SHETTY, DARSH:K05-16728985"]
[Black "VARDHAN, SHAIV:K05-16957684"]
[Result "1/2-1/2"]
[ICCResult "Game drawn by repetition"]
[WhiteElo "1431"]
[BlackElo "1086"]
[Opening "Giuoco Pianissimo: Italian four knights variation"]
[ECO "C55"]
[NIC "IG.01"]
[Time "15:30:28"]
[PlyCount "101"]
[TimeControl "1500+5"]

1. e4 e5 2. Nf3 Nc6 3. Bc4 Nf6 4. d3 Bc5 5. Nc3 d6 6. h3 Be6 7. Bb3 O-O 8.
O-O h6 9. Be3 Bb6 10. Qd2 Qd7 11. Rad1 Rad8 12. Bxb6 axb6 13. d4 exd4 14.
Nxd4 Nxd4 15. Qxd4 Bxb3 16. axb3 Qc6 17. Rfe1 Rfe8 18. f3 Re7 19. e5 Ne8
20. exd6 Rxe1+ 21. Rxe1 Nxd6 22. Qd5 Qxd5 23. Nxd5 Re8 24. Rxe8+ Nxe8 25.
Kf2 b5 26. Ke3 c6 27. Nc3 Kf8 28. Kd4 b6 29. Ne4 Ke7 30. c4 Nc7 31. Nc3
Ne6+ 32. Ke3 b4 33. Ne2 c5 34. Nf4 Nxf4 35. Kxf4 Ke6 36. g4 g5+ 37. Ke4 f6
38. f4 Kd6 39. fxg5 hxg5 40. Kf5 Ke7 41. Kg6 Ke6 42. Kg7 Ke7 43. Kg6 Ke6
44. Kg7 Ke7 45. Kh6 Kf7 46. Kh7 Ke7 47. Kg7 Ke6 48. Kg6 Ke7 49. Kg7 Ke6 50.
Kg6 Ke7 51. Kg7 { Game drawn by repetition } 1/2-1/2

[Event "ICC tourney 2556 (25 5)"]
[Site "Internet Chess Club"]
[Date "2021.05.09"]
[Round "7"]
[White "MANIMARAN, SHIVANI:K05-16614018"]
[Black "LIM, HAYUL:K05-30151794"]
[Result "1/2-1/2"]
[ICCResult "Game drawn because neither player has mating material"]
[WhiteElo "866"]
[BlackElo "1095"]
[Opening "King's Indian defense, 3.Nc3"]
[ECO "E61"]
[NIC "KI.80"]
[Time "15:30:44"]
[PlyCount "146"]
[TimeControl "1500+5"]

1. d4 Nf6 2. c4 g6 3. Nc3 c6 4. e4 e6 5. e5 Nh5 6. g4 Ng7 7. a3 d5 8. c5 b6
9. b4 Bb7 10. Nf3 f5 11. h3 Be7 12. Bh6 O-O 13. Bf4 Nd7 14. g5 Nh5 15. Bd2
f4 16. h4 a5 17. Na2 axb4 18. axb4 bxc5 19. bxc5 Qc7 20. Bh3 Kf7 21. Bg4
Ra7 22. Bxh5 gxh5 23. Bxf4 Rfa8 24. Qb1 Nf8 25. Bd2 Ba6 26. Nb4 Bc4 27.
Rxa7 Rxa7 28. Ng1 Ng6 29. Ne2 Kg7 30. f4 Ra3 31. Nc1 Rf3 32. Nbd3 Bd8 33.
Ke2 Bxd3+ 34. Nxd3 Rg3 35. Kf2 Rg4 36. Qd1 Qa7 37. Rh3 Qf7 38. Qh1 h6 39.
gxh6+ Kxh6 40. f5+ Kg7 41. f6+ Bxf6 42. exf6+ Qxf6+ 43. Ke1 Qxd4 44. Nf2
Rxh4 45. Bc3 Qxc3+ 46. Rxc3 Rxh1+ 47. Nxh1 e5 48. Ng3 h4 49. Nf1 d4 50. Ra3
Kf6 51. Ra6 Ne7 52. Nd2 h3 53. Nf3 e4 54. Nh2 e3 55. Ke2 Ke6 56. Ra8 Kd5
57. Rh8 Ke4 58. Rh4+ Kd5 59. Rxh3 Nf5 60. Nf3 Kc4 61. Ne5+ Kxc5 62. Nd3+
Kc4 63. Rf3 Nd6 64. Rf4 c5 65. Ne5+ Kc3 66. Nd3 c4 67. Nc1 d3+ 68. Nxd3
cxd3+ 69. Kxe3 d2 70. Rf1 Kc2 71. Ke2 Ne4 72. Ke3 d1=Q 73. Rxd1 Kxd1 { Game
drawn because neither player has mating material } 1/2-1/2

[Event "ICC tourney 2556 (25 5)"]
[Site "Internet Chess Club"]
[Date "2021.05.09"]
[Round "7"]
[White "BIRD, BRIAN:K05-15768143"]
[Black "GOLSEFIDY, SEPEHR:K05-16686975"]
[Result "0-1"]
[ICCResult "White resigns"]
[WhiteElo "1530"]
[BlackElo "1882"]
[Opening "Nimzovich-Larsen attack: classical variation"]
[ECO "A01"]
[NIC "VO.08"]
[Time "15:30:45"]
[PlyCount "140"]
[TimeControl "1500+5"]

1. b3 d5 2. Bb2 Nf6 3. Nf3 e6 4. e3 Bd6 5. c4 b6 6. Nc3 Bb7 7. Be2 O-O 8.
O-O c5 9. d4 Nbd7 10. cxd5 exd5 11. Rc1 Rc8 12. Nb5 Bb8 13. dxc5 bxc5 14.
Nc3 Qc7 15. g3 Rfd8 16. Qd3 Nf8 17. Na4 c4 18. bxc4 dxc4 19. Qf5 Be4 20.
Qh3 Qd7 21. Qxd7 N8xd7 22. Rfd1 h6 23. Bd4 Kh7 24. Nc3 Bxf3 25. Bxf3 Ne5
26. Bxe5 Bxe5 27. Rxd8 Rxd8 28. Be2 Rc8 29. Nb5 c3 30. f4 Bb8 31. Rxc3 Rd8
32. Ra3 Rd2 33. Bc4 Ng4 34. h3 Nh2 35. Nd4 Bd6 36. Rd3 Rb2 37. Bd5 a5 38.
a4 Bb4 39. Nc6 Be1 40. g4 h5 41. gxh5 Kh6 42. Ne5 Kxh5 43. Bxf7+ Kh4 44.
Ng6+ Kg3 45. e4+ Nf3+ 46. Rxf3+ Kxf3 47. Ne5+ Kxe4 48. Bg6+ Kd5 49. Bf7+
Kd4 50. Nf3+ Ke3 51. Nxe1 Rb1 52. Kf1 Kd2 53. f5 Rxe1+ 54. Kg2 Re4 55. Bb3
Rb4 56. Bf7 Rxa4 57. Kg3 Rb4 58. h4 a4 59. h5 a3 60. Be6 Ke3 61. Kh3 Kf4
62. Kh4 Rb1 63. Kh3 Kg5 64. Bf7 Rb2 65. h6 gxh6 66. f6 Kxf6 67. Bc4 a2 68.
Bxa2 Rxa2 69. Kh4 Ra5 70. Kg4 Kg6 { White resigns } 0-1

[Event "ICC tourney 2556 (25 5)"]
[Site "Internet Chess Club"]
[Date "2021.05.09"]
[Round "7"]
[White "HONG, LUKE:K05-16894950"]
[Black "SRIADITYA KUNAPULI, SIDDARTH:K05-16368693"]
[Result "0-1"]
[ICCResult "White checkmated"]
[WhiteElo "1346"]
[BlackElo "1533"]
[Opening "Sicilian defense"]
[ECO "B33"]
[NIC "SI.34"]
[Time "15:30:29"]
[PlyCount "118"]
[TimeControl "1500+5"]

1. e4 c5 2. Nf3 Nc6 3. d4 cxd4 4. Nxd4 Nf6 5. Nc3 e6 6. Be3 Bb4 7. Qd3 O-O
8. f3 d5 9. O-O-O Bxc3 10. bxc3 Qa5 11. Kb1 dxe4 12. fxe4 Ne5 13. Nb3 Qa4
14. Nc5 Qc6 15. Qd4 Neg4 16. Bg5 b6 17. Nb3 Nxe4 18. Bb5 Qxb5 19. Qxe4 Qxg5
20. Qxa8 Nf2 21. h4 Qe7 22. Nd4 Bb7 23. Qxa7 Nxh1 24. Rxh1 Qc7 25. Qa3 Ra8
26. Qb2 Bxg2 27. Re1 Bd5 28. Nb3 Qg3 29. Rd1 Qxh4 30. Rg1 Qf2 31. Rd1 h5
32. a3 h4 33. Rd2 Qe1+ 34. Qc1 Qxc1+ 35. Kxc1 Rxa3 36. Kb2 Ra4 37. Nd4 h3
38. Ne2 h2 39. Ng3 h1=Q 40. Nxh1 Bxh1 41. Rd8+ Kh7 42. Rd6 g5 43. Rd3 g4
44. Kb3 Rf4 45. Rg3 f5 46. c4 Rf3+ 47. Rxf3 gxf3 48. Kc3 f2 49. Kd2 f1=Q
50. Ke3 f4+ 51. Kd4 Qf2+ 52. Kc3 Qe3+ 53. Kb4 Qc5+ 54. Kb3 f3 55. Kc3 f2
56. Kb3 f1=Q 57. Kb2 Qfxc4 58. Kb1 Qxc2+ 59. Ka1 Q5c3# { White checkmated }
0-1

[Event "ICC tourney 2556 (25 5)"]
[Site "Internet Chess Club"]
[Date "2021.05.09"]
[Round "8"]
[White "WILLIAMS, DIMITRI:K03-17266018"]
[Black "BALIGAR, SELENA:K05-16364746"]
[Result "0-1"]
[ICCResult "White checkmated"]
[WhiteElo "273"]
[BlackElo "635"]
[Opening "Scandinavian (center counter) defense"]
[ECO "B01"]
[NIC "VO.17"]
[Time "17:30:18"]
[PlyCount "30"]
[TimeControl "1500+5"]

1. e4 d5 2. Nc3 d4 3. Bb5+ c6 4. Nb1 cxb5 5. Nf3 e5 6. O-O Nc6 7. c3 Nf6 8.
cxd4 exd4 9. e5 Nd5 10. e6 Bxe6 11. Ng5 Qxg5 12. d3 Qg6 13. Qb3 Bh3 14. Bg5
Qxg5 15. Rc1 Qxg2# { White checkmated } 0-1

[Event "ICC tourney 2556 (25 5)"]
[Site "Internet Chess Club"]
[Date "2021.05.09"]
[Round "8"]
[White "REMPE, LENNIK:K05-15868931"]
[Black "CARDOSO, KARELY:K05-16268846"]
[Result "1-0"]
[ICCResult "Black checkmated"]
[WhiteElo "1235"]
[BlackElo "713"]
[Opening "Sicilian: dragon, classical, Richter variation"]
[ECO "B73"]
[NIC "SI.33"]
[Time "17:30:54"]
[PlyCount "33"]
[TimeControl "1500+5"]

1. e4 c5 2. Nf3 Nc6 3. d4 cxd4 4. Nxd4 g6 5. Nc3 Bg7 6. Be3 Nf6 7. Be2 O-O
8. O-O d6 9. Qd2 b6 10. Bh6 Bxh6 11. Qxh6 e5 12. Nf3 Ng4 13. Qh3 Ne3 14.
Qh6 Nxf1 15. Ng5 Re8 16. Qxh7+ Kf8 17. Qxf7# { Black checkmated } 1-0

[Event "ICC tourney 2556 (25 5)"]
[Site "Internet Chess Club"]
[Date "2021.05.09"]
[Round "8"]
[White "AUSTIN YIM, ZACHERY:K05-16198943"]
[Black "LEE WANG, HUBERT:K05-17101448"]
[Result "0-1"]
[ICCResult "White checkmated"]
[WhiteElo "1101"]
[BlackElo "860"]
[Opening "Giuoco Pianissimo"]
[ECO "C50"]
[NIC "IG.02"]
[Time "17:30:30"]
[PlyCount "28"]
[TimeControl "1500+5"]

1. e4 e5 2. Nf3 Nc6 3. Bc4 Bc5 4. d3 Nf6 5. O-O d6 6. Nc3 Bg4 7. h4 Nd4 8.
Be3 Nxf3+ 9. gxf3 Bh3 10. Re1 Nh5 11. Kh2 Qxh4 12. Kg1 Bxe3 13. fxe3 Qg5+
14. Kf2 Qg2# { White checkmated } 0-1

[Event "ICC tourney 2556 (25 5)"]
[Site "Internet Chess Club"]
[Date "2021.05.09"]
[Round "8"]
[White "NILES, NOAH:K05-30027195"]
[Black "SHAHINYAN, INNA:K05-17114472"]
[Result "1-0"]
[ICCResult "Black resigns"]
[WhiteElo "408"]
[BlackElo "635"]
[Opening "Two knights defense (Modern bishop's opening)"]
[ECO "C55"]
[NIC "IG.01"]
[Time "17:30:09"]
[PlyCount "25"]
[TimeControl "1500+5"]

1. e4 e5 2. Nf3 Nc6 3. Bc4 Nf6 4. d3 d5 5. exd5 Nxd5 6. Bxd5 Qxd5 7. Nc3
Qd8 8. O-O Bc5 9. Re1 Bd4 10. Bf4 Qf6 11. Bg5 Qd6 12. Nb5 Qd5 13. Nxc7+ {
Black resigns } 1-0